 Dungeon Crawl Stone Soup version 0.29-a0-341-g24ffce5b50 (webtiles) character file.

Game seed: 12847577267537760988

14 spaghetti the Caller (level 2, -5/17 HPs)
             Began as a Demonspawn Summoner on Apr 20, 2022.
             Was a Follower of Hepliaklqana.
             Slain by a hobgoblin
             ... wielding a +0 hand axe
              (6 damage)
             ... on level 1 of the Dungeon.
             The game lasted 00:02:27 (1029 turns).

spaghetti the Caller (Demonspawn Summoner)          Turns: 1029, Time: 00:02:28

Health: -5/17      AC:  3    Str:  8    XL:     2   Next: 31%
Magic:  3/5        EV: 12    Int: 16    God:    Hepliaklqana [*.....]
Gold:   47         SH:  0    Dex: 13    Spells: 4/5 levels left

rFire   . . .      SeeInvis .   e - +1 hunting sling {sling}
rCold   . . .      Faith    .   (no shield)
rNeg    . . .      Spirit   .   a - +1 robe
rPois   .          Reflect  .   (no helmet)
rElec   .          Harm     .   (no cloak)
rCorr   .          Rampage  .   (no gloves)
Will    .....                   (no boots)
Stlth   ++........              (no amulet)
HPRegen 0.05/turn               (no ring)
MPRegen 0.09/turn               (no ring)

@: no status effects
A: reduced essence, powered by death 1
a: Renounce Religion, Recall Ancestor, Ancestor Identity


You were on level 1 of the Dungeon.
You worshipped Hepliaklqana.
Hepliaklqana was aware of your devotion.
You visited 1 branch of the dungeon, and saw 1 of its levels.

You collected 47 gold pieces.


Innate Abilities, Weirdness & Mutations

Your life essence is reduced to manifest your ancestor. (-10% HP)
You regenerate a little health from kills.


   Skills:
 - Level 1.7 Dodging
 - Level 1.7 Stealth
 - Level 2.0 Spellcasting
 + Level 4.6 Summonings


You had 4 spell levels left.
You knew the following spells:

 Your Spells              Type           Power      Damage    Failure   Level
a - Summon Small Mammal   Summ           64%        N/A       3%          1

Your spell library contained the following spells:

 Spells                   Type           Power      Damage    Failure   Level
 Call Imp                 Summ           16%        N/A       4%          2
 Call Canine Familiar     Summ           16%        N/A       10%         3
 Summon Guardian Golem    Hex/Summ       9%         N/A       24%         3
 Sublimation of Blood     Necr           1%         N/A       30%         2
 Wereblood                Tmut           1%         N/A       30%         2
 Summon Lightning Spire   Summ/Air       9%         N/A       63%         4
 Animate Dead             Necr           0%         N/A       90%         4
 Borgnjor's Vile Clutch   Necr/Erth      0%         N/A       99%         5
 Death Channel            Necr           0%         N/A       100%        6
 Summon Hydra             Summ           8%         N/A       100%        7

Inventory:

Hand Weapons
 c - a +0 dagger {short}
   (You found it on level 1 of the Dungeon)
 e - a +1 hunting sling (weapon) {sling}
   (You found it on level 1 of the Dungeon)
Missiles
 f - 3 stones {throwing}
Armour
 a - a +1 robe (worn)
Magical Staves
 i - a staff of cold {!astaff}
   (You found it on level 1 of the Dungeon)
Potions
 b - a potion of magic

Dungeon Overview and Level Annotations

Branches:
Dungeon (1/15)

Altars:
Hepliaklqana

########.#####........
#......#...# #.#####..
#......###.# #.##.....
#..$...###'###....###.
#......#.......#### .
#......#.......# .
#......'.......# .
#....g.#.......# .
#.!..@.#.......# .
########.......#
######### #. #. ##


You could see a hobgoblin.


Message History

You shoot a sling bullet.
The sling bullet hits the hobgoblin but does no damage.
You shoot a sling bullet.
The sling bullet closely misses the hobgoblin.
Yamsalad hits the hobgoblin.
The hobgoblin barely misses you.
The hobgoblin hits Yamsalad with a +0 hand axe.
Yamsalad hits the hobgoblin.
The hobgoblin misses you.
The hobgoblin barely misses Yamsalad.
You shoot a sling bullet.
The sling bullet barely misses the hobgoblin.
Yamsalad barely misses the hobgoblin.
The hobgoblin barely misses you.
The hobgoblin hits Yamsalad with a +0 hand axe.
Yamsalad is destroyed!
You shoot a sling bullet.
The sling bullet closely misses the hobgoblin.
The hobgoblin closely misses you. The hobgoblin misses you.
You shoot a sling bullet. The sling bullet hits the hobgoblin.
The hobgoblin closely misses you.
You shoot a sling bullet.
The sling bullet barely misses the hobgoblin.
The hobgoblin hits you with a +0 hand axe!
Ouch! That really hurt!
* * * LOW HITPOINT WARNING * * *
The hobgoblin hits you with a +0 hand axe.
* * * LOW HITPOINT WARNING * * *
You are too injured to fight recklessly! 😨 HP[-10]
You take 10 damage, and now have 7/17 hp.
MASSIVE DAMAGE!! (PAUSE) Unknown command.
It was a potion of curing.
You feel better.
The hobgoblin hits you with a +0 hand axe. 😮 HP[+2]
You regained 2 hp, and now have 9/17 hp.
Casting: Summon Small Mammal (safe; 3% risk of failure)
Confirm with . or Enter, or press ? or * to list all spells.
The hobgoblin hits you with a +0 hand axe.
* * * LOW HITPOINT WARNING * * *
The hobgoblin completely misses your quokka. 😨 HP[-3] MP[-1]
You take 3 damage, and now have 6/17 hp.
You lost 1 mp, and now have 4/5 mp.
Casting: Summon Small Mammal (safe; 3% risk of failure)
Confirm with . or Enter, or press ? or * to list all spells.
The hobgoblin misses you.
The hobgoblin hits your quokka with a +0 hand axe.
Your quokka dies!
Your quokka's corpse disappears in a puff of smoke! 😨 MP[-1]
You lost 1 mp, and now have 3/5 mp.
Casting: Summon Small Mammal (safe; 3% risk of failure)
Confirm with . or Enter, or press ? or * to list all spells.
The hobgoblin hits you with a +0 hand axe.
* * * LOW HITPOINT WARNING * * *
The hobgoblin hits your quokka with a +0 hand axe.
The hobgoblin barely misses your rat. 😱 HP[-2] MP[-1]
You take 2 damage, and now have 4/17 hp.
You lost 1 mp, and now have 2/5 mp.
The hobgoblin attacks as you move away! The hobgoblin misses you.
The hobgoblin hits your quokka with a +0 hand axe.
Your quokka dies!
Your quokka's corpse disappears in a puff of smoke!
The hobgoblin hits your rat but does no damage.
Your rat bites the hobgoblin but does no damage.
Okay, then.
You feel better.
The hobgoblin hits you with a +0 hand axe.
* * * LOW HITPOINT WARNING * * *
The hobgoblin hits your rat with a +0 hand axe.
Your rat dies!
Your rat's corpse disappears in a puff of smoke!
Fire: e) +0 hunting sling {sling}
Press: ? - help, Q - select action, (/) - cycle Shift-Dir - straight line, f/p - hobgoblin
Aim: a hobgoblin, wielding a +0 hand axe (grey smoke, severely wounded, 52% to hit)
You shoot a sling bullet.
The sling bullet hits the hobgoblin but does no damage.
The hobgoblin completely misses you.
Fire: e) +0 hunting sling {sling}
Press: ? - help, Q - select action, (/) - cycle Shift-Dir - straight line, f/p - hobgoblin
Aim: a hobgoblin, wielding a +0 hand axe (severely wounded, 52% to hit)
You shoot a sling bullet.
The sling bullet barely misses the hobgoblin.
The hobgoblin hits you with a +0 hand axe.
* * * LOW HITPOINT WARNING * * *
The hobgoblin closely misses you. 😱 HP[-3]
You take 3 damage, and now have 1/17 hp.
Okay, then.
Okay, then.
Okay, then.
Okay, then.
As you read the scroll labelled HEMIST VUEMEOR, it crumbles to dust.
It is a scroll of enchant armour.
Your +0 robe glows green for a moment.
The hobgoblin misses you.
As you read the scroll labelled WEOGOT TIXAOC, it crumbles to dust.
It is a scroll of enchant weapon.
Your +0 hunting sling {sling} glows red for a moment.
The hobgoblin hits you with a +0 hand axe.
You die...

Action                   || total
-------------------------++-------
Melee: Unarmed           ||    28
 Fire: Hunting sling     ||    27
 Cast: Summon Small Mamm ||    20
Invok: Ancestor Identity ||     1
  Use: Scroll            ||     2
       Potion            ||     2
Armor: Robe              ||    23
Dodge: Dodged            ||    55

Levels and vault maps discovered:
D:1:      elethiomel_arrival_maze, layout_basic,
          hellmonk_ecumenical_altar_heavens_door

Notes
Turn   | Place    | Note
-------+----------+-------------------------------------------
     0 | D:1      | spaghetti the Demonspawn Summoner began the quest for the
                  | Orb.
     0 | D:1      | Reached XP level 1. HP: 13/13 MP: 3/3
     0 | D:1      | magus.rc [v1.9.6]
   478 | D:1      | Gained mutation: You regenerate a little health from kills.
                  | [demonic ancestry]
   478 | D:1      | Reached XP level 2. HP: 19/19 MP: 5/5
   592 | D:1      | You pick up a book of Blood and begin reading...
   592 | D:1      | You add the spells Sublimation of Blood, Wereblood and
                  | Summon Hydra to your library.
   608 | D:1      | Found a faded altar of an unknown god.
   647 | D:1      | Prayed at the altar of an unknown god.
   647 | D:1      | Became a worshipper of Hepliaklqana the Forgotten
   647 | D:1      | Reached * piety under Hepliaklqana
   674 | D:1      | You pick up a book of Unlife and begin reading...
   674 | D:1      | You add the spells Animate Dead, Borgnjor's Vile Clutch and
                  | Death Channel to your library.
  1023 | D:1      | HP: 4/17 [hobgoblin/+0 hand axe (2)]
  1027 | D:1      | HP: 1/17 [hobgoblin/+0 hand axe (3)]
  1029 | D:1      | Slain by a hobgoblin

Vanquished Creatures
  2 goblins (D:1)
  A bat (D:1)
  2 kobolds (D:1)
  A rat (D:1)
6 creatures vanquished.

Vanquished Creatures (collateral kills)
  A bat (D:1)
  An endoplasm (D:1)
  A giant cockroach (D:1)
  A goblin (D:1)
  A hobgoblin (D:1)
  A quokka (D:1)
  A rat (D:1)
7 creatures vanquished.

Vanquished Creatures (others)
  An ancestor (D:1)
1 creature vanquished.

Grand Total: 14 creatures vanquished

Table legend:
 A = Non-vault XP
 B = Vault XP
 C = Vault XP percentage of total XP
 D = Non-vault monster count
 E = Vault monster count
 F = Vault count percentage of total count
                 A         B        C        D         E       F
            +---------+---------+-------+---------+---------+-------
      Total |      21 |       0 |   0.0 |      13 |       0 |   0.0
            +---------+---------+-------+---------+---------+-------
        D:1 |      21 |       0 |   0.0 |      13 |       0 |   0.0
            +---------+---------+-------+---------+---------+-------

Illustrated notes

Table legend:
 A = Kills in this place as a percentage of kills in entire the game.
 B = Kills by you in this place as a percentage of kills by you in the entire game.
 C = Kills by friends in this place as a percentage of kills by friends in the entire game.
 D = Other kills in this place as a percentage of other kills in the entire game.
 E = Experience gained in this place as a percentage of experience gained in the entire game.
 F = Experience gained in this place divided by the number of levels of this place that you have seen.
                   A       B       C       D       E      F
               +-------+-------+-------+-------+-------+----------------------
         Total | 100.0 | 100.0 | 100.0 |   N/A | 100.0 |  21.0
       Dungeon | 100.0 | 100.0 | 100.0 |   N/A | 100.0 |  21.0
               +-------+-------+-------+-------+-------+----------------------

Table legend: (Time is in decaauts)
 A = Elapsed time spent in this place.
 B = Non-inter-level travel time spent in this place.
 C = Inter-level travel time spent in this place.
 D = Time resting spent in this place.
 E = Time spent auto-exploring this place.
 F = Levels seen in this place.
 G = Mean time per level.
                   A        B        C        D        E       F      G
               +--------+--------+--------+--------+--------+-----+--------+
         Total |   1042 |   1042 |      0 |    127 |    707 |   1 | 1042.0 |
       Dungeon |   1042 |   1042 |      0 |    127 |    707 |   1 | 1042.0 |
               +--------+--------+--------+--------+--------+-----+--------+

Top non-repeatable levels by time:
     D:1: 1042 daAuts
